AoeStats
← Exotic Pixel

Arabia

507553176Analyzed
1v1 RM · 14d ago on Sep 18, 2026· 76m 44s· 2 players
Game mode
Random Map
Map size
Tiny (2 player)
Population
200
Speed
Normal
Resources
Standard
Victory
Conquest
Starting age
Dark Age
Ending age
Imperial Age
RankedLock teamsTeams togetherTeam positionsShared explorationLock speedFull tech treeHidden civsTurbo modeCheats
Victory
Defeat
🇩🇪 Vietnamese · Germany
982
+17
🇦🇷 Muisca · Argentina
1004
-17
claas2202
10:18 Feudal Age
10:50 Double-Bit Axe
11:28 Man-at-Arms
13:27 Arson
13:56 Loom
17:36 Fletching
20:14 Wheelbarrow
20:21 Wheelbarrow
25:08 Castle Age
23:09 Horse Collar
23:34 Padded Archer Armor
24:44 Gold Mining
25:25 Crossbowman
26:24 Bow Saw
26:40 Thumb Ring
31:18 Ballistics
31:03 Heavy Plow
38:38 Imperial Age
38:13 Hand Cart
45:50 Capped Ram
48:52 Town Watch
48:43 Spies/Treason
65:32 Paper Money
Exotic Pixel
7:47 Loom
9:48 Feudal Age
15:15 Double-Bit Axe
15:11 Horse Collar
15:00 Champi Runner
18:52 Scale Mail Armor
22:48 Wheelbarrow
22:35 Forging
24:40 Castle Age
26:54 Squires
Connection lost

Rejoining the realm…

Still unreachable

The connection could not be restored.

Session expired

The server has moved on; the page needs a fresh start.